 Dungeon Crawl Stone Soup version 0.30-a0-40-gc6d0f036a7 (webtiles) character file.

Game seed: 12396887526775919545

46 ytrimaz the Insei (level 3, -1/34 HPs)
             Began as an Octopode Transmuter on Aug 29, 2022.
             Succumbed to an adder's poison
             ... on level 2 of the Dungeon.
             The game lasted 00:01:30 (1536 turns).

ytrimaz the Insei (Octopode Transmuter)             Turns: 1536, Time: 00:01:30

Health: -1/34      AC: 21    Str:  9    XL:     3   Next: 66%
Magic:  6/6        EV:  2    Int: 17    God:
Gold:   92         SH:  0    Dex: 12    Spells: 0/6 levels left

rFire   . . .      SeeInvis .    b - +7 sling of Beogh's Generosity {flame, +Blink}
rCold   . . .      Faith    .    (no shield)
rNeg    . . .      Spirit   .    (helmet currently unavailable)
rPois   +          Reflect  .    (no amulet)
rElec   .          Harm     .    (no ring)
rCorr   .          Rampage  .    (no ring)
Will    .....      NoTele   +    (no ring)
Stlth   +.........               (no ring)
HPRegen 0.11/turn                (no ring)
MPRegen 0.10/turn                (no ring)
                                 (no ring)
                                 (no ring)

@: mighty, brilliant, lethally poisoned (-1 -> -8), tree-form
A: stationary, stasis, torment immunity, boosted hp, almost no armour,
(amphibious), 8 rings, (camouflage 1), (gelatinous body 1), (nimble swimmer 1),
(tentacles)
a: Evoke Blink


You were on level 2 of the Dungeon.
You were a tree.
You visited 1 branch of the dungeon, and saw 2 of its levels.

You collected 92 gold pieces.

Inventory:

Hand Weapons
 b - the +7 sling of Beogh's Generosity (weapon) {flame, +Blink}
   (You found it on level 2 of the Dungeon)

   Any ammunition fired from it burns those it strikes, dealing additional fire
   damage.
   +Blink:    It lets you blink.
Scrolls
 e - a scroll of amnesia {unknown}
Potions
 f - a potion of heal wounds {unknown}


   Skills:
 - Level 1.0 Fighting
 - Level 2.0 Dodging
 - Level 4.2 Unarmed Combat
 + Level 2.1 Spellcasting
 + Level 2.1 Transmutations
 * Level 1.1 Poison Magic


You couldn't memorise any spells.
You knew the following spells:

 Your Spells              Type           Power      Damage    Failure   Level
a - Beastly Appendage     Tmut           26%        N/A       9%          1
b - Wereblood             Tmut           13%        N/A       12%         2
c - Spider Form           Tmut/Pois      11%        N/A       28%         3

Your spell library contained the following spells:

 Spells                   Type           Power      Damage    Failure   Level
 Ice Form                 Ice/Tmut       8%         N/A       77%         4


Dungeon Overview and Level Annotations

Branches:
Dungeon (2/15)

Altars:


Innate Abilities, Weirdness & Mutations

You are a tree.
Your roots penetrate the ground, keeping you stationary.
You cannot be teleported.
You are immune to unholy pain and torment.
Your maximum health is greatly increased.
You cannot wear most types of armour.
((You are amphibious.))
You can wear up to eight rings at the same time.
((Your skin changes colour to match your surroundings (Stealth+).))
((Your rubbery body absorbs attacks. (AC +1, EV +1)))
((You are camouflaged when in or above water. (Stealth+)))
((You have tentacles for arms and can constrict up to eight enemies at once.))


Message History

Your grab misses the adder.
Your tentacle spike misses the adder.
Your squeeze misses the adder. The bat closely misses you. The bat misses you.
The bat closely misses you. The adder misses you. The adder bites you.
You closely miss the adder. Your grab misses the adder.
Your tentacle spike misses the adder.
Your squeeze misses the adder. The bat hits you. The bat completely misses you.
The adder bites you.
You are poisoned.
The adder poisons you! The adder bites you.
Unknown command.
You closely miss the adder. Your grab misses the adder.
You feel sick. The bat misses you. The bat closely misses you.
The adder bites you.
You are more poisoned.
The adder poisons you! The bat closely misses you. The adder bites you.
You are more poisoned.
The adder poisons you!
You closely miss the adder. You grab the adder.
You pierce the adder.
The adder is heavily wounded.
You constrict the adder.
* * * LOW HITPOINT WARNING * * *
You feel very sick. The bat misses you. The bat hits you.
* * * LOW HITPOINT WARNING * * *
The adder barely misses you. The adder misses you.
Really quaff the potion of lignification?
Your tentacle spike disappears.
You turn into a tree.
Your roots penetrate the ground.
You lose your grip on the adder.
* * * LOW HITPOINT WARNING * * *
You feel very sick. The bat hits you but does no damage. x2
The adder bites you but does no damage.
It was a potion of might.
You feel very mighty all of a sudden.
* * * LOW HITPOINT WARNING * * *
You feel sick. The bat hits you but does no damage. x2
The adder bites you but does no damage.
Unknown command.
It was a potion of brilliance.
You feel clever all of a sudden.
You die...

.....##..####.###.†..............
.....†........##..###.##...#####.
.....##.....####'####...)..#
..#..##.....#≈§≈.≈≈≈#.>....#
..#..##..####≈##.##≈#.####>#
.##......# #≈#.#.#≈### #.#
###.###..# ≈.###.≈# #.# # #..
.... #≈#$#.#≈# #.# # ### #.># #≈
#♣##§# #.# # #§≈§S≈b≈# #.# #
####+#### #.# # #.# #.#


You could see an adder and a bat.

Vanquished Creatures
  2 adders (D:2)
  2 dart slugs
  2 giant cockroaches (D:1)
  3 hobgoblins
  5 kobolds
  A quokka (D:2)
  3 ball pythons
  3 bats
  A frilled lizard (D:1)
  A goblin (D:2)
  A rat (D:1)
24 creatures vanquished.

Notes
Turn   | Place    | Note
-------+----------+-------------------------------------------
     0 | D:1      | ytrimaz the Octopode Transmuter began the quest for the
                  | Orb.
     0 | D:1      | Reached XP level 1. HP: 13/13 MP: 3/3
   372 | D:1      | Reached XP level 2. HP: 18/18 MP: 3/5
   475 | D:1      | Found a faded altar of an unknown god.
  1341 | D:2      | Reached skill level 4 in Unarmed Combat
  1341 | D:2      | Reached XP level 3. HP: 19/23 MP: 4/6
  1344 | D:2      | Learned a level 2 spell: Wereblood
  1348 | D:2      | Learned a level 3 spell: Spider Form
  1401 | D:2      | Identified the +7 sling of Beogh's Generosity {flame,
                  | +Blink}
  1492 | D:2      | Reached skill level 1 in Poison Magic
  1535 | D:2      | HP: 1/34 [poisoned by an adder]
  1536 | D:2      | Succumbed to an adder's poison

Illustrated notes

Levels and vault maps discovered:
D:1:      dpeg_arrival_court, layout_basic, chequers_ecumenical_altar_simple,
          kennysheep_nondescript, columned_hall_lemuel
D:2:      layout_loops_ring, kennysheep_generic_room_9

Skill      XL: |  1  2  3 |
---------------+----------+-----
Unarmed Combat | 4 |  4.2
Poison Magic   | 1 |  1.1
Fighting       | |  1.0
Dodging        | |  2.0
Spellcasting   | |  2.1
Transmutations | |  2.1

Action                   || total
-------------------------++-------
Melee: Unarmed           ||    37
       Constrict         ||    15
       Tentacles         ||     7
       Kick              ||     6
       Punch             ||     1
       Sling             ||     5
 Fire: Sling             ||     9
 Cast: Beastly Appendage ||    12
  Use: Scroll            ||     2
       Potion            ||     3
 Stab: Sleeping          ||     4
Armor: Skin              ||    16
Dodge: Dodged            ||    55

Table legend: (Time is in decaauts)
 A = Elapsed time spent in this place.
 B = Non-inter-level travel time spent in this place.
 C = Inter-level travel time spent in this place.
 D = Time resting spent in this place.
 E = Time spent auto-exploring this place.
 F = Levels seen in this place.
 G = Mean time per level.
                   A        B        C        D        E       F      G
               +--------+--------+--------+--------+--------+-----+--------+
         Total |   1539 |   1516 |     23 |    200 |   1115 |   2 |  769.5 |
       Dungeon |   1539 |   1516 |     23 |    200 |   1115 |   2 |  769.5 |
               +--------+--------+--------+--------+--------+-----+--------+

Top non-repeatable levels by time:
     D:1: 1292 daAuts
     D:2: 246 daAuts
